 Dungeon Crawl Stone Soup version 0.28.0-53-g5a82cb258f (webtiles) character file.

Game seed: 12595002255428202951

20 Infinimo the Skirmisher (level 2, -5/49 HPs)
             Began as an Ogre Berserker on June 4, 2022.
             Was a Follower of Trog.
             Slain by a hobgoblin
             ... wielding a +2 short sword of venom
              (7 damage)
             ... on level 1 of the Dungeon.
             The game lasted 00:00:37 (354 turns).

Infinimo the Skirmisher (Ogre Berserker)             Turns: 354, Time: 00:00:37

Health: -5/49      AC:  3    Str: 20    XL:     2   Next: 79%
Magic:  2/2        EV: 10    Int:  8    God:    Trog [*.....]
Gold:   37         SH:  0    Dex:  8    Spells: 1/1 levels left

rFire   . . .      SeeInvis .   e - +0 flail
rCold   . . .      Faith    .   (no shield)
rNeg    . . .      Spirit   .   b - +0 animal skin
rPois   .          Reflect  .   (helmet restricted)
rElec   .          Harm     .   (no cloak)
rCorr   .          Rampage  .   (gloves unavailable)
Will    .....                   (boots unavailable)
Stlth   ..........              (no amulet)
HPRegen 0.16/turn               (no ring)
MPRegen 0.08/turn               (no ring)

@: berserking, lethally poisoned (-5 -> -33), very quick
A: large, unfitting armour, tough skin 1
a: Renounce Religion, Berserk


You were on level 1 of the Dungeon.
You worshipped Trog.
Trog was aware of your devotion.
You visited 1 branch of the dungeon, and saw 1 of its levels.

You collected 37 gold pieces.

Inventory:

Hand Weapons
 e - a +0 flail (weapon)
Armour
 b - a +0 animal skin (worn)
Scrolls
 c - 2 scrolls of magic mapping
Potions
 d - 2 potions of flight {unknown}


   Skills:
 + Level 4.3 Fighting
 * Level 3.2 Maces & Flails
 + Level 2.9 Dodging


You had one spell level left.
You didn't know any spells.
Your spell library was empty.

Dungeon Overview and Level Annotations

Branches:
Dungeon (1/15)

Altars:


Innate Abilities, Weirdness & Mutations

You are too large for most types of armour.
You have tough skin. (AC +1)


Message History

You feel yourself slow down.
You start resting.
You feel yourself speed up.
You see here a +0 flail.
e - a +0 flail
e - a +0 flail (weapon)
You drop a +0 mace.
As you read the scroll labelled SITEW VUCON ITHU, it crumbles to dust.
You feel aware of your surroundings.
You sensed 1 shop/portal.
It was a scroll of magic mapping.
A hobgoblin comes into view.
It is wielding a +2 short sword of venom.
A hobgoblin is nearby!
A hobgoblin is nearby!
The hobgoblin shouts!
You hit the hobgoblin.
The hobgoblin is moderately wounded.
The hobgoblin barely misses you.
You closely miss the hobgoblin.
The hobgoblin is moderately wounded.
The hobgoblin hits you with a +2 short sword of venom!
You are poisoned.
You closely miss the hobgoblin.
The hobgoblin is moderately wounded.
You recover from your berserk rage.
You feel very sick.
The hobgoblin hits you with a +2 short sword of venom.
You are lethally poisoned!
You closely miss the hobgoblin.
The hobgoblin is moderately wounded.
You feel very sick.
The hobgoblin hits you with a +2 short sword of venom.
* * * LOW HITPOINT WARNING * * *
You are more poisoned.
You are too injured to fight recklessly!
A red film seems to cover your vision as you go berserk!
You feel yourself moving faster!
You feel mighty!
* * * LOW HITPOINT WARNING * * *
You feel extremely sick.
The hobgoblin hits you with a +2 short sword of venom!
You die...

#...# #...# #...# #...#
########### #...#
..........#####...#
............).....#
).........#####...#
..........#***#.@.#
†............*#..g#****
.###########.###....,,*
.# *,.##......* .##
**,##......# ..#
*,*#......# #†#
*,*.......# #.###
*,#.......# #...##
*..,*,,****


You could see a hobgoblin.

Vanquished Creatures
  A gnoll (D:1)
  A ball python (D:1)
  2 giant cockroaches (D:1)
  A hobgoblin (D:1)
  A quokka (D:1)
  A bat (D:1)
  3 frilled lizards (D:1)
  A rat (D:1)
11 creatures vanquished.

Notes
Turn   | Place    | Note
-------+----------+-------------------------------------------
     0 | D:1      | Infinimo the Ogre Berserker began the quest for the Orb.
     0 | D:1      | Reached XP level 1. HP: 24/24 MP: 1/1
   238 | D:1      | Reached XP level 2. HP: 32/32 MP: 2/2
   354 | D:1      | HP: 2/49 [poisoned by a hobgoblin]
   354 | D:1      | Slain by a hobgoblin

Illustrated notes

Levels and vault maps discovered:
D:1:      roderic_chinese_lattice_arrival, layout_rooms, serial_shops,
          shop_coins

Skill      XL: |  1 |
---------------+----+-----
Maces & Flails | 3 |  3.2
Fighting       | |  4.3
Dodging        | |  2.9

Action                   || total
-------------------------++-------
Melee: Mace              ||    33
       Flail             ||     4
Invok: Berserk           ||     2
  Use: Scroll            ||     1
Armor: Animal skin       ||    11
Dodge: Dodged            ||    25
